 Dungeon Crawl Stone Soup version 0.28.0-49-g6dfe1f597d (webtiles) character file.

Game seed: 369500939323754588

246 nickcage the Cudgeller (level 5, -6/45 HPs)
             Began as a Minotaur Abyssal Knight on May 17, 2022.
             Was a Priest of Lugonu.
             Killed by divine providence
             ... invoked by an orc priest
              (10 damage)
             ... on level 3 of the Dungeon.
             The game lasted 00:04:31 (2793 turns).

nickcage the Cudgeller (Minotaur Abyssal Knight)    Turns: 2793, Time: 00:04:31

Health: -6/45      AC:  8    Str: 19    XL:     5   Next: 84%
Magic:  5/5        EV:  7    Int:  7    God:    Lugonu [***...]
Gold:   99         SH:  5    Dex: 11    Spells: 4/4 levels left

rFire   . . .      SeeInvis .   a - +1 mace
rCold   . . .      Faith    .   g - orb {light}
rNeg    . . .      Spirit   .   m - +0 chain mail
rPois   .          Reflect  +   (helmet restricted)
rElec   .          Harm     .   (no cloak)
rCorr   .          Rampage  .   (no gloves)
Will    .....                   (no boots)
Stlth   ..........              e - amulet of reflection
HPRegen 0.15/turn               (no ring)
MPRegen 0.09/turn               (no ring)

@: glowing
A: horns 2, retaliatory headbutt
a: Renounce Religion, Depart the Abyss, Bend Space, Banish


You were on level 3 of the Dungeon.
You worshipped Lugonu.
Lugonu was most pleased with you.
You visited 1 branch of the dungeon, and saw 3 of its levels.
You visited the Abyss 1 time.

You collected 99 gold pieces.

Inventory:

Hand Weapons
 a - a +1 mace (weapon)
Missiles
 c - 7 boomerangs (quivered)
Armour
 b - a +0 leather armour
 g - an orb of light (worn)
 m - a +0 chain mail (worn)
Jewellery
 e - an amulet of reflection (around neck)
 k - an amulet of magic regeneration
Scrolls
 d - a scroll of teleportation
Potions
 f - 4 potions of curing
 h - a potion of mutation {unknown}
 i - a potion of attraction {unknown}
 j - a potion of berserk rage {unknown}
 l - a potion of cancellation {unknown}


   Skills:
 - Level 3.6 Fighting
 + Level 7.3 Maces & Flails
 - Level 0.3 Throwing
 - Level 2.4 Armour
 - Level 1.1 Dodging
 - Level 1.0 Shields
 - Level 1.7 Invocations


You had 4 spell levels left.
You didn't know any spells.
Your spell library contained the following spells:

 Spells                   Type           Power      Damage    Failure   Level
 Sandblast                Erth           0%         2d4       99%         1
 Passwall                 Tmut/Erth      0%         N/A       100%        2
 Stone Arrow              Conj/Erth      0%         3d7       100%        3
 Conjure Ball Lightning   Conj/Air       0%         3x3d6     100%        6
 Discord                  Hex            0%         N/A       100%        8
 Disjunction              Tloc           0%         N/A       100%        8


Dungeon Overview and Level Annotations

Branches:
Dungeon (3/15)

Altars:


Innate Abilities, Weirdness & Mutations

You have a pair of horns on your head.
You reflexively headbutt those who attack you in melee.


Message History

The orc priest mumbles some strange prayers to Beogh against you.
Beogh smites you!
A gnoll comes into view. It is wielding a +0 flail.
The gnoll shouts!
You block the orc's attack.
You see here a +0 long sword.
You hit the orc.
The orc is lightly wounded.
The orc hits you with a +0 mace.
You barely miss the orc. You headbutt the orc.
The orc is heavily wounded.
The orc hits you but does no damage.
You sock the orc!
You kill the orc!
Lugonu accepts your kill. The orc hits you but does no damage.
You block the orc's attack. You block the gnoll's attack.
You hit the orc.
The orc is lightly wounded.
A ball python comes into view.
The orc priest invokes the aid of Beogh against you.
Pain shoots through your body! You block the orc's attack. x2
The gnoll barely misses you.
You hit the orc.
The orc is heavily wounded.
The orc priest invokes the aid of Beogh against you.
Beogh smites you!
* * * LOW HITPOINT WARNING * * *
The orc closely misses you. The orc hits you but does no damage.
You are too injured to fight recklessly!
You are too injured to fight recklessly!
You are too injured to fight recklessly!
Unknown command.
You block the orc's attack. The orc hits you but does no damage.
The orc priest mumbles some strange prayers to Beogh against you.
Beogh smites you!
* * * LOW HITPOINT WARNING * * *
The orc priest calls down the wrath of Beogh upon you.
Beogh smites you!
You die...

# #.# #. ####### # #.#
#.#.##......... # #.# #.#
........... # #.# #.#
#.......... ######.# #.#
#..?....... ##.....#
#.###.......... ##.....#
#..............
##.....######..........#
##..............@o.og..#
##..............o.ogg..#
#.....................#
#...........#.....S......
####.......^#.............
#........###...........
#........# #...........
#........# #...........
#........#


You could see an orc priest, 3 gnolls, 3 orcs and a ball python.

Vanquished Creatures
  Terence (D:3)
  Natasha (thrice) (D:2)
  Robin (D:2)
  6 adders (D:2)
  A worm (D:2)
  A dart slug (D:1)
  2 orcs (D:3)
  5 ball pythons
  2 endoplasms (D:1)
  3 giant cockroaches (D:2)
  16 goblins
  11 hobgoblins
  3 quokkas
  7 bats
  3 frilled lizards
  5 kobolds
  7 rats
77 creatures vanquished.

Notes
Turn   | Place    | Note
-------+----------+-------------------------------------------
     0 | Abyss:1  | nickcage the Minotaur Abyssal Knight began the quest for
                  | the Orb.
     0 | Abyss:1  | Reached XP level 1. HP: 19/19 MP: 1/1
     0 | D:1      | Escaped the Abyss
    38 | D:1      | Reached * piety under Lugonu
    39 | D:1      | Reached skill level 3 in Maces & Flails
   288 | D:1      | Reached XP level 2. HP: 26/26 MP: 2/2
   549 | D:1      | Reached skill level 4 in Maces & Flails
   867 | D:1      | Found a faded altar of an unknown god.
  1013 | D:1      | Reached XP level 3. HP: 30/31 MP: 3/3
  1135 | D:2      | Noticed Natasha
  1140 | D:2      | Killed Natasha
  1140 | D:2      | Reached ** piety under Lugonu
  1141 | D:2      | Reached skill level 5 in Maces & Flails
  1292 | D:2      | Reached XP level 4. HP: 35/39 MP: 4/4
  1304 | D:2      | Noticed Natasha
  1309 | D:2      | Killed Natasha
  1322 | D:2      | Noticed Natasha
  1328 | D:2      | Killed Natasha
  1329 | D:2      | Reached skill level 6 in Maces & Flails
  1403 | D:2      | Noticed Robin
  1425 | D:2      | Reached XP level 5. HP: 45/45 MP: 5/5
  1433 | D:2      | Killed Robin
  1844 | D:2      | Reached *** piety under Lugonu
  1845 | D:2      | Reached skill level 1 in Shields
  2149 | D:2      | Reached skill level 7 in Maces & Flails
  2347 | D:3      | Noticed Terence
  2361 | D:3      | Killed Terence
  2793 | D:3      | Killed from afar by an orc priest

Illustrated notes

Levels and vault maps discovered:
D:1:      dpeg_arrival_rooms_b, layout_rooms,
          hellmonk_ecumenical_altar_pennies_from_heaven,
          chequers_serial_rivers_micro_c
D:2:      minmay_chambers_of_ones, layout_basic, hex_intersection, uniq_robin,
          uniq_natasha
D:3:      layout_basic, uniq_terence

Skill      XL: |  1  2  3  4  5 |
---------------+----------------+-----
Maces & Flails | 3 4 5 6 7 |  7.3
Shields        | 1 |  1.0
Fighting       | |  3.6
Throwing       | |  0.3
Armour         | |  2.4
Dodging        | |  1.1
Invocations    | |  1.7

Action                   |  1- 3 |  4- 6 || total
-------------------------+-------+-------++-------
Melee: Mace              |    64 |   110 ||   174
       Headbutt          |     4 |    19 ||    23
       Punch             |     1 |       ||     1
Throw: Boomerang         |     1 |       ||     1
Invok: Depart the Abyss  |     1 |       ||     1
  Use: Scroll            |     4 |       ||     4
Armor: Leather armour    |    12 |    26 ||    38
       Chain mail        |       |     4 ||     4
Dodge: Dodged            |    56 |    50 ||   106
Block: Other             |     2 |       ||     2
       Orb               |     1 |    39 ||    40
       Reflection        |       |     3 ||     3
